 Dungeon Crawl Stone Soup version 0.32-a0-913-g739538afd8 (webtiles) character file.

Game seed: 602272136833319819

947 GreedOfGod the Trooper (level 8, -8/50 HPs)
             Began as a Gargoyle Fighter on Apr 9, 2024.
             Killed from afar by Dowan (15 damage)
             ... with a stone arrow
             ... on level 4 of the Dungeon.
             The game lasted 00:09:29 (2993 turns).

GreedOfGod the Trooper (Gargoyle Fighter)           Turns: 2993, Time: 00:09:29

Health: -8/50      AC: 19    Str: 22    XL:     8   Next: 13%
Magic:  10/10      EV:  7    Int:  9    God:
Gold:   198        SH:  4    Dex:  9    Spells: 7/7 levels left

rFire   + . .        a - +0 war axe
rCold   . . .        c - +0 buckler
rNeg    + . .        j - +0 chain mail
rPois   ∞            u - +2 helmet of Yhaluxec {Harm *Slow rF+}
rElec   +            s - scarf {repulsion}
rCorr   .            A - +0 pair of gloves
SInv    .            (no boots)
Will    .....        (no amulet) Stlth
                     (no ring)
HPRegen 0.28/turn    (no ring)
MPRegen 0.12/turn

%: slow self (1%), harm (+30% outgoing, +20% incoming), repel missiles
@: no status effects
A: sickness immunity, AC +5, negative energy resistance 1, electricity
resistance, torment resistance 1, petrification resistance
a: no special abilities


You were on level 4 of the Dungeon.
You visited 1 branch of the dungeon, and saw 4 of its levels.

You collected 198 gold pieces.

Inventory:

Hand Weapons
 a - a +0 war axe (weapon)
Armour
 b - a +0 scale mail
 c - a +0 buckler (worn)
 j - a +0 chain mail (worn)
 s - a scarf of repulsion (worn)
 u - the +2 helmet of Yhaluxec (worn) {Harm *Slow rF+}
   (You found it on level 3 of the Dungeon)

   rF+:       It protects you from fire.
   *Slow:     It may slow you when you take damage.
   Harm:      It increases damage dealt and taken.
 A - a +0 pair of gloves (worn)
Jewellery
 m - a +6 ring of intelligence
Wands
 e - a wand of flame (25)
 l - a wand of light (10)
 w - a wand of roots (10)
Scrolls
 f - a scroll of noise {unknown}
 h - a scroll of poison {unknown}
 i - a scroll of enchant weapon {unknown}
 o - 3 scrolls of teleportation {unknown}
 p - 2 scrolls of identify {unknown}
 q - a scroll of acquirement {unknown}
 r - a scroll of brand weapon {unknown}
 x - a scroll of silence {unknown}
 y - a scroll of revelation {unknown}
 B - a scroll of fog {unknown}
Potions
 d - a potion of cancellation {unknown}
 g - a potion of enlightenment {unknown}
 k - a potion of brilliance {unknown}
 n - a potion of haste {unknown}
 t - a potion of magic {unknown}
 v - a potion of invisibility {unknown}
 z - a potion of resistance {unknown}


   Skills:
 * Level 5.5 Fighting
 + Level 3.5 Axes
 + Level 4.8 Armour
 + Level 2.4 Dodging
 + Level 4.9 Shields
 + Level 3.2 Invocations
 + Level 2.6 Evocations


You had 7 spell levels left.
You didn't know any spells.
Your spell library contained the following spells:

 Spells                   Type           Power      Damage    Failure   Level
 Lesser Beckoning         Tloc           0%         N/A       99%         2
 Mercury Vapours          Alch/Air       0%         N/A       99%         2
 Maxwell's Portable Pile  Tloc           0%         2d(5-13)  100%        3
 Mephitic Cloud           Conj/Alch/Air  0%         N/A       100%        3
 Passwall                 Erth           0%         N/A       100%        3
 Teleport Other           Tloc           0%         N/A       100%        3
 Volatile Blastmotes      Fire/Tloc      0%         2d10      100%        3
 Vhi's Electric Charge    Tloc/Air       0%         N/A       100%        4
 Freezing Cloud           Conj/Ice/Air   0%         6-21      100%        5
 Bombard                  Conj/Erth      0%         9d1       100%        6


Dungeon Overview and Level Annotations

Branches:
Dungeon (4/15)
 Temple: D:4-7

Altars:
Wu Jian

Shops:
D:1 (

Annotations:
D:4 Dowan


Innate Abilities, Weirdness & Mutations

You are immune to sickness and miasma.
Your stone body is resilient. (AC +5)
You are immune to poison.
You resist negative energy. (rN+)
You are resistant to electric shocks. (rElec)
You are resistant to unholy torment.
You are immune to petrification.


Message History

Dowan gestures at you while chanting.
The stone arrow is repelled.
You closely miss Dowan.
Dowan is almost dead.
You block Dowan's attack. x2
You barely miss Dowan.
Dowan is almost dead.
Dowan gestures wildly while chanting.
Dowan blinks!
Found 3 scrolls labelled XYENEN WOVOOCK.
You block Dowan's attack. Dowan closely misses you.
You hit Dowan but do no damage.
Dowan is almost dead.
You block Dowan's attack. Dowan hits you but does no damage.
You hit Dowan.
Dowan is almost dead.
Dowan hits you but does no damage. x2
You completely miss Dowan.
Dowan is almost dead.
Dowan casts a spell at you.
The shard of ice is repelled.
Dowan hits you with a +0 dagger.
* * * LOW HITPOINT WARNING * * *
You closely miss Dowan.
Dowan is almost dead.
You block Dowan's attack.
Dowan points at you and mumbles some strange words.
The stone arrow is repelled.
You hit Dowan.
Dowan is almost dead.
Dowan hits you with a +0 dagger.
* * * LOW HITPOINT WARNING * * *
Dowan closely misses you.
You barely miss Dowan.
Dowan is almost dead.
Dowan hits you but does no damage.
Dowan mumbles some strange words.
Dowan blinks!
Dowan gestures at you while chanting. The stone arrow hits you!
You die...

#........
###.......#
.........#
#.......#
#..?....# #
... ..# .#
#.##§####.#
#.@.......#..#
##...<.......#
##....######
##e#)# #.#)#
#.# ..#.# #.#
####.# #.# #.#
#(# #.#


You could see Dowan (fast).

Vanquished Creatures
  Sigmund (D:3)
  Eustachio (D:4)
  Duvessa (D:4)
  2 black bears
  The ghost of whodunnit the Shield-Bearer, an amateur HuFi (D:3)
  A water moccasin skeleton (D:3)
  A bullfrog zombie (D:3)
  A bullfrog skeleton (D:3)
  A sleepcap (D:4)
  An orc wizard (D:3)
  A mummy (D:3)
  2 adders
  5 dart slugs
  2 ribbon worms
  8 orcs
  4 ball pythons
  2 bats
  7 endoplasms
  3 giant cockroaches
  7 goblins
  5 hobgoblins
  2 jackals (D:1)
  3 quokkas
  2 frilled lizards
  5 kobolds
  6 rats
75 creatures vanquished.

Notes
Turn   | Place    | Note
-------+----------+-------------------------------------------
     0 | D:1      | GreedOfGod the Gargoyle Fighter began the quest for the
                  | Orb.
     0 | D:1      | Reached XP level 1. HP: 14/14 MP: 1/1
   155 | D:1      | Reached XP level 2. HP: 19/19 MP: 2/2
   284 | D:1      | Found Gait's Antique Weapon Shop.
   463 | D:2      | Reached XP level 3. HP: 23/23 MP: 3/3
   895 | D:2      | Reached skill level 1 in Invocations
  1015 | D:2      | Reached XP level 4. HP: 29/29 MP: 4/4
  1054 | D:3      | Found a transporter.
  1057 | D:3      | Noticed a black bear
  1070 | D:3      | Killed a black bear
  1071 | D:3      | Reached skill level 4 in Fighting
  1071 | D:3      | Reached skill level 1 in Dodging
  1071 | D:3      | Reached skill level 1 in Evocations
  1071 | D:3      | Reached XP level 5. HP: 11/33 MP: 4/6
  1167 | D:3      | Noticed Sigmund
  1183 | D:3      | Killed Sigmund
  1184 | D:3      | Reached XP level 6. HP: 18/38 MP: 7/7
  1275 | D:3      | Noticed whodunnit's ghost (amateur HuFi)
  1453 | D:3      | Found a transporter.
  1454 | D:3      | Identified the +2 helmet of Yhaluxec {Harm *Slow rF+}
  2231 | D:3      | Killed whodunnit's ghost
  2232 | D:3      | Reached XP level 7. HP: 5/44 MP: 8/8
  2690 | D:4      | Found an ornate altar of the Wu Jian Council.
  2875 | D:4      | Reached skill level 5 in Fighting
  2935 | D:4      | Noticed Eustachio
  2936 | D:4      | Noticed Dowan
  2953 | D:4      | Killed Eustachio
  2954 | D:4      | Reached XP level 8. HP: 43/50 MP: 10/10
  2961 | D:4      | Noticed Duvessa
  2969 | D:4      | Killed Duvessa
  2993 | D:4      | Killed from afar by Dowan

Illustrated notes

Levels and vault maps discovered:
D:1:      onia_arrival_mini_spirals, layout_rooms, serial_shops,
          nicolae_shop_behind_doors
D:2:      layout_loops_ring
D:3:      layout_loops_corners, gammafunk_ghost_mausoleum,
          nicolae_elevator_lobby_asterisk, uniq_sigmund
D:4:      layout_loops_ring, nzn_wu_jian_council_hall, uniq_eustachio,
          uniq_duvessa

Skill      XL: |  1  2  3  4  5  6  7 |
---------------+----------------------+-----
Axes           | 2 3 |  3.5
Invocations    | 1 2 3 |  3.2
Fighting       | 4 5 |  5.5
Dodging        | 1 2 |  2.4
Evocations     | 1 2 |  2.6
Armour         | 4 |  4.8
Shields        | 4 |  4.9

Action                     |  1- 3 |  4- 6 |  7- 9 || total
---------------------------+-------+-------+-------++-------
  Melee: War axe           |   121 |   116 |    77 ||   314
    Use: Potion            |       |     4 |       ||     4
 Armour: Scale mail        |    23 |       |       ||    23
         Chain mail        |    82 |   136 |    93 ||   311
  Dodge: Dodged            |    44 |    52 |    24 ||   120
         Repelled          |       |     7 |     5 ||    12
  Block: Buckler           |    17 |    28 |    17 ||    62

Table legend: (Time is in decaauts)
 A = Elapsed time spent in this place.
 B = Non-inter-level travel time spent in this place.
 C = Inter-level travel time spent in this place.
 D = Time resting spent in this place.
 E = Time spent auto-exploring this place.
 F = Levels seen in this place.
 G = Mean time per level.
                   A        B        C        D        E       F      G
               +--------+--------+--------+--------+--------+-----+--------+
         Total |   3118 |   2979 |    139 |    431 |   1807 |   4 |  779.5 |
       Dungeon |   3118 |   2979 |    139 |    431 |   1807 |   4 |  779.5 |
               +--------+--------+--------+--------+--------+-----+--------+

Top non-repeatable levels by time:
     D:3: 1687 daAuts
     D:2: 652 daAuts
     D:1: 450 daAuts
     D:4: 328 daAuts
